Map: Dusk Towers

Players

Miszu - Winner!

  • Race: Terran Terran
  • League: Grandmaster

RipHunter

  • Race: Terran Terran
  • League: Master

VOD

Have the link to the VOD?

Description

Time

  • Played on: May 27, 2016, 4:34 p.m.
  • Length: 5:59
Show
View Real Time Build Order
Export as new Build Order

Miszu Terran - Winner!

Build Orders: 1/1/1, Liberator Opening 

Get SALT Encoding   

  12  0:01  SCV  
  13  0:13  SCV  
  14  0:17  Supply Depot  
  14  0:25  SCV  
  15  0:28  Refinery  
  15  0:39  SCV  
  16  0:45  Barracks  
  16  0:51  SCV  
  16  0:55  Refinery  
  17  1:03  SCV  
  18  1:15  SCV  
  19  1:27  SCV  
  20  1:32  Factory  
  20  1:35  Reaper  
  21  1:40  Orbital Command  
  21  1:49  Supply Depot  
  21  2:05  SCV  
  23  2:09  Reaper  
  22  2:16  Hellion  
  22  2:18  Starport  
  23  2:38  Hellion  
  23  2:39  Liberator  
  25  2:45  SCV  
  30  3:08  Hellion  
  30  3:09  Reaper  
  31  3:21  Supply Depot  
  31  3:30  SCV  
  31  3:31  Hellion  
  34  3:41  Reaper  
  35  3:42  SCV  
  35  3:46  Starport Tech Lab  
  36  3:55  SCV  
  37  3:58  Hellion  
  37  4:01  Supply Depot  
  39  4:05  Banshee  
  31  4:30  Orbital Command  
  10  4:48  Banshee  
  9  5:03  SCV  
  10  5:07  Widow Mine  
  12  5:15  SCV  
  13  5:27  SCV  
Show
View Real Time Build Order
Export as new Build Order

RipHunter Terran 

Build Orders:  

Get SALT Encoding   

  12  0:01  SCV  
  13  0:13  SCV  
  14  0:19  Supply Depot  
  14  0:41  Barracks  
  14  0:44  Refinery  
  14  0:57  Barracks  
  14  1:01  SCV  
  15  1:13  SCV  
  16  1:26  SCV  
  16  1:28  Reaper  
  18  1:33  Barracks  
  18  1:41  Refinery  
  18  1:46  Reaper  
  19  1:58  Supply Depot  
  19  2:04  Reaper  
  20  2:17  SCV  
  20  2:18  Reaper  
  22  2:29  Reaper  
  23  2:36  Reaper  
  24  2:44  Barracks  
  24  2:51  Reaper  
  25  2:53  Supply Depot  
  25  3:01  Reaper  
  26  3:08  Reaper  
  27  3:22  Orbital Command  
  27  3:23  Reaper  
  28  3:33  Reaper  
  28  3:34  Reaper  
  30  3:40  Reaper  
  31  3:50  Supply Depot  
  31  3:55  Reaper  
  15  4:37  Marine x2  
  15  4:38  Marine x2  
  15  4:55  Marine x3  
Tags
 
Add a new tag
Caveats
  • Supply blocks, unpowered buildings, or Contaminate may cause inaccurate times.
  • Supply counts are checked every 10 seconds.